 Dungeon Crawl Stone Soup version 0.30.0-29-ga12c61a403 (webtiles) character file.

Game seed: 18192923605095214038

12926 Tirrikindir the Basher (level 12, 75/75 HPs)
             Began as a Gargoyle Berserker on June 20, 2023.
             Was a High Priest of Trog.
             Got out of the dungeon alive.
             The game lasted 00:23:07 (8770 turns).

Tirrikindir the Basher (Gargoyle Berserker)         Turns: 8770, Time: 00:23:08

Health: 75/75      AC: 27    Str: 22    XL:     12   Next: 0%
Magic:  12/12      EV: 15    Int: 10    God:    Trog [*****.]
Gold:   664        SH:  6    Dex: 11    Spells: 11/11 levels left

rFire   + . .        k - +0 demon whip (venom)
rCold   + + .        y - +0 kite shield
rNeg    + . .        E - +2 ring mail {rC+}
rPois   ∞            n - +0 helmet
rElec   +            R - scarf {rC+ rF+}
rCorr   .            B - +0 pair of gloves
SInv    .            A - +1 pair of boots
Will    .....        P - amulet of regeneration
Stlth   +++          f - +5 ring of evasion
HPRegen 1.12/turn    C - +4 ring of protection
MPRegen 0.13/turn

%: no passive effects
@: no status effects
A: sickness immunity, AC +8, negative energy resistance 1, electricity
resistance, torment resistance 1, petrification resistance
a: Renounce Religion, Berserk, Trog's Hand, Brothers in Arms


You escaped.
You worshipped Trog.
Trog was extremely pleased with you.
You visited 2 branches of the dungeon, and saw 12 of its levels.

You collected 719 gold pieces.
You spent 55 gold pieces at shops.

Inventory:

Hand Weapons
 k - a +0 demon whip of venom (weapon)
Missiles
 i - 20 poisoned darts (quivered)
Armour
 a - +0 acid dragon scales
 n - a +0 helmet (worn)
 y - a +0 kite shield (worn)
 A - a +1 pair of boots (worn)
 B - a +0 pair of gloves (worn)
 E - a +2 ring mail of cold resistance (worn)
 R - a scarf of resistance (worn)
Jewellery
 d - an amulet of reflection
 f - a +5 ring of evasion (left hand)
 p - a ring of magical power
 C - a +4 ring of protection (right hand)
 H - a ring of protection from cold
 L - a ring of magical power
 P - an amulet of regeneration (around neck)
Wands
 o - a wand of polymorph (2)
 r - a wand of charming (6)
 O - a wand of light (4)
Scrolls
 g - 2 scrolls of fear
 h - 7 scrolls of teleportation
 l - 3 scrolls of enchant weapon
 m - 2 scrolls of poison
 t - a scroll of fog
 x - a scroll of enchant armour
 D - a scroll of blinking {unknown}
 J - a scroll of noise {unknown}
 K - a scroll of summoning {unknown}
 M - a scroll of silence {unknown}
 N - a scroll of acquirement {unknown}
 Q - a scroll of vulnerability {unknown}
Potions
 b - 2 potions of might
 c - 3 potions of invisibility
 e - 8 potions of curing
 j - 2 potions of haste
 s - a potion of berserk rage
 u - 2 potions of mutation {unknown}
 v - 2 potions of heal wounds
 w - 2 potions of brilliance {unknown}
 z - a potion of ambrosia {unknown}
 F - 4 potions of flight {unknown}
 I - a potion of degeneration {unknown}


   Skills:
 * Level 8.9 Fighting
 * Level 11.9 Maces & Flails
 - Level 3.0 Throwing
 * Level 8.9 Armour
 - Level 4.0 Dodging
 - Level 7.0 Stealth
 + Level 5.8 Evocations


You had 11 spell levels left.
You didn't know any spells.
Your spell library was empty.

Dungeon Overview and Level Annotations

Branches:
Dungeon (11/15)            Temple (1/1) D:5            Lair (0/5) D:10
    Orc: D:9-12

Altars:
Ashenzari
Cheibriados
Dithmenos
Elyvilon
Fedhas
Gozag
Hepliaklqana
Kikubaaqudgha
Makhleb
Nemelex Xobeh
Okawaru
Qazlal
Ru
Sif Muna
Trog
Uskayaw
Vehumet
Wu Jian
Xom
Yredelemnul
Zin
The Shining One

Shops:
D:3 *   D:5 !   D:6 (


Innate Abilities, Weirdness & Mutations

You are immune to sickness and miasma.
Your stone body is resilient. (AC +8)
You are immune to poison.
You resist negative energy. (rN+)
You are resistant to electric shocks. (rElec)
You are resistant to unholy torment.
You are immune to petrification.


Message History

There is an open door here.
There is an open door here.
Found a shiny ruby ring.
There is an escape hatch in the ceiling here.
There is a stone staircase leading up here.
You climb upwards.
There is a stone staircase leading down here.
There is a stone staircase leading up here.
You climb upwards.
There is a stone staircase leading down here.
There is a stone staircase leading up here.
You climb upwards.
There is a stone staircase leading down here.
You see here an amulet of magic regeneration.
There is a stone staircase leading up here.
You climb upwards.
There is a stone staircase leading down here.
There is a stone staircase leading up here.
You climb upwards.
There is a stone staircase leading down here.
There is a stone staircase leading up here.
You climb upwards.
There is a stone staircase leading down here.
You see here a book of Unlife.
There is a stone staircase leading up here.
You climb upwards.
There is a stone staircase leading down here.
There is a stone staircase leading up here.
You climb upwards.
There is a stone staircase leading down here.
There is a stone staircase leading up here.
You climb upwards.
There is a stone staircase leading down here.
There is a stone staircase leading up here.
You climb upwards.
There is a stone staircase leading down here.
There is a staircase leading out of the dungeon here.
You can't go down here!
Are you sure you want to leave the Dungeon?
This will make you lose the game!
You have escaped!

.....##### ###.##.# .....##..##
##.....># ....)##...# #########
#...##..#
.....##...###...8...###...##..##
.....##...##..8...8..##.).###..##
.....##...#8.........8#...# ##..#
####...).....8..(..8......# #...
####...#8.........8#...# ##..
#...##..8.@.8..##...######.
#...###...8...###...##..... #...#
######### #....#...(. #..##
##...#..... #### ###.......
###..... #..... #..... #.....


There were no monsters in sight!

Vanquished Creatures
  Gastronok (D:10)
  Harold (D:10)
  Erolcha (D:9)
  2 two-headed ogres
  Amaemon (D:10)
  An orange demon (D:10)
  A gargoyle (D:11)
  A komodo dragon (D:10)
  A troll (D:9)
  Grinder (D:4)
  2 hornets
  A shadow (D:10)
  A wyvern (D:8)
  4 vampires
  16 yaks (D:10)
  2 steam dragons (D:8)
  2 acid dragons (D:8)
  5 water moccasins
  A sky beast (D:8)
  7 ice beasts
  3 orc warriors
  A black bear (D:6)
  2 ogres
  4 centaurs
  2 bullfrogs
  A kobold brigand (D:9)
  2 gnoll sergeants
  3 scorpions
  A wight (D:8)
  A killer bee (D:9)
  A howler monkey (D:6)
  3 hounds
  Crazy Yiuf (D:3)
  3 jellies
  5 orc priests
  2 sleepcaps
  Terence (D:3)
  7 iguanas
  10 orc wizards
  3 gnolls (D:9)
  8 adders
  5 white imps
  3 worms
  5 dart slugs
  29 orcs
  9 endoplasms
  2 giant cockroaches
  8 goblins
  3 hobgoblins
  8 jackals
  4 kobolds
  5 quokkas
  2 ball pythons
  4 bats
  4 frilled lizards
  6 rats
213 creatures vanquished.

Notes
Turn   | Place    | Note
-------+----------+-------------------------------------------
     0 | D:1      | Tirrikindir the Gargoyle Berserker began the quest for the
                  | Orb.
     0 | D:1      | Reached XP level 1. HP: 14/14 MP: 1/1
   173 | D:1      | Reached XP level 2. HP: 18/19 MP: 2/2
   420 | D:2      | Reached XP level 3. HP: 18/23 MP: 3/3
   556 | D:2      | Reached ** piety under Trog
   762 | D:2      | Found a faded altar of an unknown god.
   922 | D:2      | Reached XP level 4. HP: 29/29 MP: 4/4
  1111 | D:3      | Reached skill level 4 in Maces & Flails
  1126 | D:3      | Found an opulent altar of Gozag.
  1130 | D:3      | Found Gozag's Platinum Reserve.
  1216 | D:3      | Found a shadowy altar of Dithmenos.
  1339 | D:3      | Noticed Terence
  1350 | D:3      | Killed Terence
  1351 | D:3      | Reached XP level 5. HP: 33/33 MP: 5/5
  1801 | D:3      | Found a runed translucent door.
  1802 | D:3      | Noticed Crazy Yiuf
  1811 | D:3      | Killed Crazy Yiuf
  1869 | D:4      | Noticed an ogre
  1902 | D:4      | Noticed Grinder
  1913 | D:4      | Killed Grinder
  1914 | D:4      | Reached skill level 5 in Maces & Flails
  1914 | D:4      | Reached XP level 6. HP: 39/39 MP: 6/6
  2032 | D:4      | Reached XP level 7. HP: 44/44 MP: 7/7
  2117 | D:4      | Reached skill level 5 in Fighting
  2203 | D:4      | Reached *** piety under Trog
  2339 | D:4      | Found a basalt altar of Yredelemnul.
  2342 | D:4      | Found a hide-covered altar of Uskayaw.
  2346 | D:4      | Found a snail-covered altar of Cheibriados.
  2348 | D:4      | Found a blossoming altar of Fedhas.
  2369 | D:4      | You fall into a shaft and drop 1 floor!
  2369 | D:5      | Entered Level 5 of the Dungeon
  2526 | D:4      | Reached skill level 6 in Maces & Flails
  2674 | D:4      | Found a sacrificial altar of Ru.
  2689 | D:5      | Found Qezuloyxko's Distillery.
  2710 | D:5      | Bought a potion of heal wounds for 55 gold pieces
  2747 | D:5      | Reached XP level 8. HP: 49/49 MP: 8/8
  2755 | D:5      | Reached skill level 5 in Armour
  3033 | D:5      | Found a staircase to the Ecumenical Temple.
  3050 | Temple   | Entered the Ecumenical Temple
  3431 | D:5      | Found a radiant altar of Vehumet.
  3435 | D:5      | Reached skill level 7 in Maces & Flails
  3570 | D:5      | Reached skill level 1 in Evocations
  3699 | D:5      | Found a transporter.
  3717 | D:5      | Found a transporter.
  3749 | D:5      | Reached skill level 8 in Maces & Flails
  3973 | D:6      | Reached XP level 9. HP: 54/54 MP: 9/9
  3990 | D:6      | Reached skill level 9 in Maces & Flails
  4464 | D:6      | Found a faded altar of an unknown god.
  4464 | D:6      | Found a bloodstained altar of Trog.
  4471 | D:6      | Found a burning altar of Makhleb.
  4480 | D:6      | Found an iron altar of Okawaru.
  4481 | D:6      | Found a faded altar of an unknown god.
  4503 | D:6      | Found Wosiec's Weapon Boutique.
  4796 | D:7      | Reached skill level 10 in Maces & Flails
  4813 | D:7      | Reached **** piety under Trog
  5395 | D:8      | Reached skill level 1 in Throwing
  5572 | D:8      | Reached XP level 10. HP: 53/60 MP: 10/10
  5712 | D:8      | Noticed a two-headed ogre
  5727 | D:8      | Killed a two-headed ogre
  5728 | D:8      | Reached skill level 1 in Stealth
  6950 | D:9      | Noticed Erolcha
  6963 | D:9      | Killed Erolcha
  6964 | D:9      | Reached skill level 11 in Maces & Flails
  7030 | D:9      | Reached skill level 5 in Evocations
  7403 | D:10     | Entered Level 10 of the Dungeon
  7488 | D:10     | Reached XP level 11. HP: 60/67 MP: 11/11
  7535 | D:10     | Noticed Gastronok
  7554 | D:10     | Killed Gastronok
  7555 | D:10     | Reached skill level 5 in Stealth
  7585 | D:10     | Found a staircase to the Lair.
  7676 | D:10     | Noticed Amaemon
  7695 | D:10     | Killed Amaemon
  7837 | D:10     | Noticed Harold
  7859 | D:10     | Killed Harold
  7998 | D:10     | Reached ***** piety under Trog
  8022 | D:10     | Found a glowing silver altar of Zin.
  8342 | D:10     | Noticed a two-headed ogre
  8348 | D:10     | Killed a two-headed ogre
  8568 | D:11     | Reached XP level 12. HP: 75/75 MP: 12/12
  8770 | D:$      | Got out of the dungeon alive.

Illustrated notes

Levels and vault maps discovered:
D:1:      erik_arrival_orb_chamber, layout_basic, bh_walls_and_bars
D:2:      layout_basic, chequers_ecumenical_altar_grove, dreamdust_wishing_well
D:3:      layout_loops_ring, nicolae_gozag_zags_fifth_avenue,
          nicolae_dithmenos_through_a_glass_darkly, minivault_5, st_stairs_11,
          uniq_crazy_yiuf_cottage, uniq_terence
D:4:      layout_rooms, minitemple, nicolae_ru_path_of_blood, uniq_grinder
D:5:      gammafunk_cloud_chamber, layout_loops_ring, nicolae_vehumet_radiance,
          minmay_temple_entry_proselytizer, serial_shops, shop
D:6:      layout_cave_pools, chequers_temple_overflow_minitemple, serial_shops,
          kennysheep_mini_moat
D:7:      layout_cave_pools
D:8:      layout_gridville, minmay_joined_circles
D:9:      kennysheep_blocky_hall, layout_loops_ring, serial_glass,
          glass_columns_a, glass_columns_b, glass_columns_b, glass_columns_b,
          glass_columns_a, glass_columns_b, glass_columns_c, glass_columns_a,
          minmay_strange_pillars, due_unseen_surprise,
          minmay_misc_feat_enclosed, uniq_erolcha
D:10:     layout_loops_ring, lemuel_tele_altar, david_lair_shrubbed,
          grunt_ogre_cave, nicolae_figureground_pulse, uniq_gastronok,
          uniq_harold, uniq_amaemon
D:11:     layout_rooms, gammafunk_ghost_necromancy, nicolae_nh_vlads_tower,
          uniq_sonja
Temple:   jpeg_temple_alley_garden

Skill      XL: |  1  2  3  4  5  6  7  8  9 10 11 |
---------------+----------------------------------+-----
Dodging        | 2 3 4 |  4.0
Maces & Flails | 4 5 6 8 10 11 | 11.9
Armour         | 3 4 5 7 8 |  8.9
Fighting       | 4 5 7 8 |  8.9
Evocations     | 3 4 5 |  5.8
Throwing       | 1 2 3 |  3.0
Stealth        | 4 7 |  7.0

Action                     |  1- 3 |  4- 6 |  7- 9 | 10-12 || total
---------------------------+-------+-------+-------+-------++-------
  Melee: Mace              |   110 |   103 |   427 |   331 ||   971
         Punch             |     2 |     1 |     4 |       ||     7
         Demon whip        |       |       |       |   151 ||   151
  Throw: Dart              |       |     1 |       |     1 ||     2
 Invoke: Berserk           |       |     4 |     7 |     6 ||    17
         Trog's Hand       |       |       |     1 |       ||     1
  Evoke: Wand              |       |       |     1 |     2 ||     3
    Use: Scroll            |     3 |     2 |     5 |     3 ||    13
         Potion            |       |       |     3 |       ||     3
   Stab: Sleeping          |       |       |       |     2 ||     2
         Invisible         |       |       |       |     1 ||     1
 Armour: Animal skin       |     9 |       |       |       ||     9
         Ring mail         |    34 |    14 |    58 |   162 ||   268
         Chain mail        |       |    18 |   185 |       ||   203
  Dodge: Dodged            |    75 |    61 |   362 |   208 ||   706
  Block: Other             |     8 |    15 |   135 |    19 ||   177
         Reflection        |       |       |     1 |     7 ||     8
         Kite shield       |       |       |       |   133 ||   133
